Map: Neon Violet Square LE

Players

Lillekanin

  • Race: Terran Terran
  • Spawn Location: 5:00

Zanster - Winner!

  • Race: Zerg Zerg
  • Spawn Location: 11:00

Event: WCS Leipzig 2018

VOD

Have the link to the VOD?

Description

Time

  • Played on: Jan. 26, 2018, 9:16 a.m.
  • Length: 5:01

All games in this series

Show
View Real Time Build Order
Export as new Build Order

Lillekanin Terran 

Build Orders: Gas First Reaper Expand, Reaper Expand 

Get SALT Encoding   

  12  0:00  SCV  
  13  0:13  SCV  
  14  0:17  Supply Depot  
  14  0:25  SCV  
  15  0:30  Refinery  
  15  0:39  SCV  
  16  0:45  Barracks  
  16  0:51  SCV  
  17  1:03  SCV  
  18  1:15  SCV  
  19  1:32  Orbital Command  
  19  1:33  Reaper  
  20  1:48  Command Center  
  20  1:58  SCV  
  21  2:07  Factory, Barracks Reactor  
  21  2:11  SCV  
  22  2:15  Supply Depot  
  22  2:23  SCV  
  23  2:37  SCV  
  24  2:47  Command Center  
  24  2:49  SCV  
  25  3:00  Orbital Command  
  25  3:04  Hellion  
  28  3:05  SCV  
  28  3:12  Hellion  
  30  3:17  SCV  
  30  3:18  Refinery  
  31  3:26  Barracks Reactor  
  31  3:27  Factory  
  31  3:29  SCV  
  31  3:30  SCV  
  33  3:41  Supply Depot  
  33  3:42  SCV x2  
  35  3:54  SCV x2, Supply Depot  
  35  3:55  Hellion  
  39  3:57  Hellion  
  41  4:03  Orbital Command  
  41  4:06  SCV  
  41  4:07  SCV  
  43  4:18  SCV  
  43  4:19  Armory  
  43  4:20  SCV  
  43  4:21  Armory  
  45  4:26  Cyclone  
  45  4:30  SCV  
Show
View Real Time Build Order
Export as new Build Order

Zanster Zerg - Winner!

Build Orders: Pool First 

Get SALT Encoding   

  12  0:00  Drone  
  13  0:13  Overlord  
  13  0:17  Drone  
  14  0:31  Drone x2  
  14  0:35  Drone  
  17  0:46  Drone, Extractor  
  17  0:52  Spawning Pool  
  17  0:56  Drone  
  17  1:07  Drone  
  18  1:21  Hatchery  
  18  1:25  Drone  
  18  1:29  Drone  
  19  1:39  Queen  
  21  1:43  Zergling x2  
  22  1:50  Metabolic Boost  
  22  1:57  Overlord  
  22  2:16  Queen  
  22  2:17  Drone  
  22  2:18  Drone  
  22  2:22  Drone  
  27  2:32  Roach Warren  
  27  2:34  Drone  
  27  2:35  Drone  
  28  2:47  Zergling x8  
  32  2:52  Overlord  
  32  2:58  Overlord  
  34  3:12  Roach  
  34  3:13  Roach x2  
  34  3:16  Roach  
  40  3:20  Roach  
  40  3:26  Roach  
  44  3:28  Overlord  
  44  3:31  Zergling x2  
  44  3:32  Zergling x2  
  46  3:34  Ravager  
  47  3:42  Ravager  
  47  3:48  Zergling x10  
  53  3:56  Overlord  
  53  4:00  Zergling x4  
  55  4:08  Ravager  
  55  4:09  Zergling x6  
  59  4:11  Zergling x2  
  59  4:16  Zergling x2  
  59  4:17  Zergling x2  
  62  4:21  Overlord  
  56  4:41  Drone x6  
Tags
 
Add a new tag
Caveats
  • Supply blocks, unpowered buildings, or Contaminate may cause inaccurate times.
  • Supply counts are checked every 10 seconds.